Map: Dreamcatcher LE

Players

Snute

  • Race: Zerg Zerg
  • Spawn Location: 5:00

Silky - Winner!

  • Race: Zerg Zerg
  • Spawn Location: 11:00

Event: WCS Austin 2018

VOD

Have the link to the VOD?

Description

Time

  • Played on: June 1, 2018, 8:19 p.m.
  • Length: 11:24

All games in this series

Show
View Real Time Build Order
Export as new Build Order

Snute Zerg 

Build Orders: Hatch First 

Get SALT Encoding   

  12  0:00  Drone  
  13  0:12  Overlord  
  13  0:17  Drone  
  14  0:30  Drone x2  
  14  0:34  Drone  
  17  0:51  Hatchery  
  17  0:54  Drone  
  17  0:57  Drone  
  17  0:59  Extractor  
  17  1:12  Spawning Pool  
  17  1:15  Drone  
  18  1:18  Drone  
  18  1:27  Drone  
  19  1:38  Overlord  
  19  1:49  Drone  
  20  1:58  Queen  
  20  1:59  Metabolic Boost  
  22  2:03  Queen  
  22  2:04  Drone  
  22  2:07  Drone  
  26  2:11  Zergling x2  
  26  2:15  Zergling x2  
  28  2:21  Zergling x2  
  29  2:27  Drone  
  30  2:34  Hatchery  
  29  2:42  Overlord  
  29  2:43  Zergling x2  
  30  2:48  Zergling x4  
  32  2:55  Baneling Nest, Zergling x2  
  32  2:59  Zergling x2  
  32  3:04  Zergling x2  
  34  3:07  Zergling x6  
  34  3:09  Zergling x2  
  39  3:12  Zergling x2  
  39  3:19  Zergling x4  
  42  3:20  Zergling x2  
  42  3:27  Overlord  
  41  3:35  Zergling x4  
  41  3:38  Drone  
  40  3:41  Drone x2  
  40  3:44  Drone  
  40  3:45  Drone x2  
  40  3:47  Baneling  
  43  3:52  Baneling  
  43  3:54  Drone x2  
  45  3:56  Drone  
  46  4:03  Drone x3  
  46  4:08  Drone x2  
  51  4:12  Baneling x2  
  51  4:16  Drone  
  51  4:20  Drone x3  
  51  4:21  Drone x2  
  56  4:26  Overlord  
  56  4:28  Drone x2  
  58  4:32  Overlord  
  57  4:39  Extractor, Drone x2  
  57  4:44  Drone x2  
  57  4:45  Drone x2  
  61  4:48  Extractor, Evolution Chamber  
  61  4:52  Roach Warren  
  58  4:53  Drone  
  58  4:57  Drone x2  
  60  5:02  Zergling x2  
  60  5:03  Zergling x6  
  54  5:08  Zergling x4  
  54  5:11  Drone  
  54  5:12  Drone  
  52  5:18  Drone  
  52  5:19  Drone  
  52  5:20  Drone  
  52  5:23  Drone x2  
  54  5:30  Drone x3  
  54  5:32  Drone  
  54  5:33  Drone  
  59  5:38  Drone  
  57  5:45  Queen  
  57  5:47  Drone x3  
  57  5:49  Drone  
  58  5:53  Drone x2  
  57  5:58  Drone x2  
  57  6:02  Drone  
  57  6:04  Drone  
  61  6:05  Zerg Missile Weapons Level 1  
  61  6:06  Drone  
  61  6:10  Baneling  
  62  6:12  Queen  
  62  6:14  Baneling x2  
  62  6:17  Drone x2  
  62  6:18  Drone  
  66  6:22  Drone  
  66  6:23  Lair  
  67  6:28  Drone x3  
  70  6:38  Drone x2  
  70  6:39  Drone  
  71  6:47  Drone x2  
  73  6:54  Overlord  
  73  6:55  Extractor, Hatchery, Drone x2  
  73  6:56  Drone  
  73  6:59  Extractor  
  73  7:00  Overlord  
  73  7:01  Drone  
  74  7:03  Overlord  
  73  7:17  Roach x3  
  73  7:21  Roach  
  73  7:22  Glial Reconstitution, Roach x4  
  88  7:25  Overlord  
  88  7:29  Roach  
  89  7:30  Roach x2  
  89  7:35  Queen  
  95  7:37  Roach  
  95  7:38  Overlord x2  
  95  7:41  Overlord  
  97  7:44  Roach  
  97  7:49  Evolution Chamber  
  97  7:50  Drone  
  99  7:57  Ravager x4  
  105  7:58  Roach  
  105  7:59  Roach x6  
  105  8:00  Zerg Missile Weapons Level 2  
  105  8:03  Roach  
  105  8:04  Roach x2  
  123  8:07  Overlord  
  122  8:13  Roach  
  122  8:14  Roach x2  
  122  8:16  Zerg Ground Armor Level 1  
  128  8:20  Roach x2  
  134  8:28  Roach  
  134  8:32  Roach x2  
  127  8:37  Roach x5  
  133  8:41  Roach  
  133  8:42  Roach  
  137  8:54  Overlord x2  
  137  8:56  Ravager  
  137  8:58  Hatchery  
  137  9:09  Overlord  
  137  9:12  Overlord  
  137  9:14  Roach x7  
  137  9:15  Ravager x3  
  154  9:21  Unknown  
  154  9:28  Roach  
  154  9:29  Overlord, Roach x3  
  162  9:33  Roach x2  
  162  9:34  Overseer  
  162  9:36  Ravager  
  162  9:37  Roach  
  169  9:44  Overlord  
  169  9:49  Drone x5  
  169  9:50  Roach  
  176  9:55  Roach  
  176  9:59  Overlord  
  178  10:04  Roach  
  178  10:05  Roach x3  
  187  10:19  Hatchery  
  187  10:20  Roach  
  187  10:21  Roach x2  
  192  10:27  Queen  
  178  10:33  Queen x2  
  166  10:41  Spore Crawler  
  153  11:00  Infestation Pit  
  153  11:01  Spore Crawler  
  141  11:12  Spore Crawler  
Show
View Real Time Build Order
Export as new Build Order

Silky Zerg - Winner!

Build Orders: Hatch First, Zergling Baneling 

Get SALT Encoding   

  12  0:00  Drone  
  13  0:12  Overlord  
  13  0:16  Drone  
  14  0:31  Drone x2  
  16  0:47  Hatchery  
  15  0:50  Drone  
  15  0:55  Drone  
  17  0:57  Drone  
  18  1:08  Extractor  
  17  1:13  Spawning Pool  
  17  1:16  Drone  
  17  1:20  Drone  
  18  1:28  Drone  
  19  1:39  Drone  
  20  1:49  Overlord  
  20  1:59  Queen x2  
  20  2:00  Zergling x4  
  26  2:08  Metabolic Boost  
  26  2:10  Drone  
  26  2:11  Drone  
  28  2:21  Drone  
  29  2:24  Drone  
  30  2:35  Hatchery  
  29  2:40  Baneling Nest  
  29  2:43  Drone  
  29  2:47  Drone  
  29  2:49  Zergling x2  
  31  2:55  Zergling x2  
  31  2:56  Overlord  
  32  3:01  Drone  
  33  3:09  Queen  
  35  3:14  Drone  
  35  3:15  Drone x3  
  39  3:22  Zergling x6  
  42  3:27  Zergling x2  
  42  3:33  Zergling x2  
  44  3:34  Overlord  
  44  3:41  Zergling x6  
  43  3:44  Overlord  
  43  3:46  Baneling x2  
  41  3:50  Zergling x4  
  41  3:53  Queen  
  41  3:55  Baneling  
  45  3:57  Zergling x2  
  45  4:00  Baneling x3  
  45  4:02  Zergling x2  
  47  4:10  Spine Crawler  
  47  4:13  Drone x4  
  50  4:20  Drone x3  
  50  4:23  Baneling x2  
  50  4:24  Drone  
  54  4:29  Drone x3  
  56  4:36  Drone x4  
  58  4:39  Drone  
  58  4:40  Drone  
  58  4:44  Extractor  
  60  4:46  Evolution Chamber  
  60  4:48  Baneling  
  60  4:49  Zergling x4  
  60  4:51  Queen  
  63  4:58  Zergling x6  
  65  5:02  Zergling x2  
  65  5:03  Zergling x2  
  64  5:08  Baneling  
  64  5:10  Drone x2  
  64  5:12  Overlord  
  65  5:19  Roach Warren  
  65  5:20  Extractor  
  60  5:24  Overlord  
  59  5:34  Zergling x8  
  59  5:35  Zergling x4  
  65  5:36  Zerg Missile Weapons Level 1, Drone x3  
  68  5:45  Zergling x2  
  68  5:49  Overlord  
  65  5:50  Zergling x2  
  65  5:56  Lair  
  64  5:58  Drone x5  
  64  6:01  Roach  
  64  6:03  Roach  
  64  6:04  Queen  
  73  6:10  Roach x2  
  79  6:13  Overlord  
  79  6:15  Overlord, Extractor  
  79  6:17  Extractor  
  77  6:19  Drone x2  
  77  6:22  Drone  
  77  6:23  Roach  
  82  6:32  Drone x3  
  83  6:33  Drone x4  
  83  6:35  Overlord  
  83  6:37  Hatchery  
  80  6:42  Drone x4  
  84  6:49  Drone x3  
  84  6:54  Glial Reconstitution  
  87  6:58  Roach x3  
  93  7:06  Overlord  
  93  7:08  Roach  
  99  7:15  Roach x2  
  99  7:16  Roach x2  
  99  7:18  Overlord  
  99  7:20  Overlord  
  99  7:21  Roach x3  
  99  7:22  Roach  
  110  7:26  Roach x2  
  114  7:31  Zerg Missile Weapons Level 2  
  114  7:35  Zergling x2  
  115  7:37  Overlord  
  115  7:41  Roach x5  
  125  7:45  Roach x3  
  125  7:48  Roach  
  125  7:50  Roach x3  
  139  7:59  Roach  
  139  8:00  Roach x3  
  139  8:02  Roach x2  
  151  8:06  Overlord  
  151  8:07  Baneling x2  
  151  8:09  Overlord  
  151  8:15  Overlord  
  151  8:17  Spire, Extractor  
  149  8:22  Overlord  
  149  8:24  Overlord, Roach  
  151  8:32  Roach x2  
  151  8:33  Roach x2  
  158  8:36  Roach  
  158  8:37  Roach x4  
  165  8:41  Drone x4  
  165  8:42  Drone x3  
  165  8:47  Overlord  
  165  8:48  Roach x2  
  175  8:54  Overlord  
  175  8:55  Overlord x2  
  171  8:57  Extractor  
  171  8:58  Extractor  
  171  8:59  Zergling x2  
  170  9:04  Zergling x2  
  170  9:06  Overseer  
  170  9:09  Overlord  
  171  9:11  Queen  
  173  9:18  Spine Crawler  
  176  9:24  Roach x3  
  176  9:25  Zergling x2  
  176  9:27  Overlord  
  176  9:28  Mutalisk x3  
  176  9:29  Mutalisk x2  
  176  9:31  Mutalisk  
  189  9:36  Mutalisk x2  
  195  9:40  Mutalisk x2  
  199  9:50  Hydralisk Den  
  198  9:53  Spine Crawler  
  198  9:58  Baneling  
  197  10:01  Baneling  
  197  10:02  Baneling  
  197  10:04  Mutalisk  
  198  10:14  Drone  
  199  10:28  Mutalisk x8  
  176  10:31  Roach x2  
  165  10:39  Mutalisk x2  
  165  10:40  Drone  
  165  10:41  Drone x8  
  171  10:45  Roach x4  
  171  10:50  Roach x3  
  171  10:56  Mutalisk  
  175  11:00  Drone x4  
  175  11:01  Drone x4  
  187  11:16  Spine Crawler  
Tags
 
Add a new tag
Caveats
  • Supply blocks, unpowered buildings, or Contaminate may cause inaccurate times.
  • Supply counts are checked every 10 seconds.